 Dungeon Crawl Stone Soup version 0.30-a0-1160-g6e42c06551 (webtiles) character file.

Game seed: 10333862781266372875

44 Esekla the Sneak (level 3, 26/26 HPs)
             Began as an Octopode Delver on Apr 26, 2023.
             Quit the game on level 5 of the Dungeon.
             The game lasted 00:02:42 (354 turns).

Esekla the Sneak (Octopode Delver)                   Turns: 354, Time: 00:02:43

Health: 26/26      AC:  1    Str: 11    XL:     3   Next: 60%
Magic:  3/3        EV: 13    Int: 14    God:
Gold:   65         SH:  0    Dex: 13    Spells: 2/2 levels left

rFire   . . .        g - +0 dagger
rCold   . . .        (no shield)
rNeg    . . .        (helmet restricted)
rPois   .            (no amulet)
rElec   .            (no ring)
rCorr   .            (no ring)
SInv    .            (no ring)
Will    .....        (no ring)
Stlth   +++++        (no ring)
HPRegen 0.24/turn    (no ring)
MPRegen 0.08/turn    (no ring)
                     (no ring)

%: no passive effects
@: no status effects
A: almost no armour, amphibious, 8 rings, camouflage 1, gelatinous body 1,
(nimble swimmer 1), tentacles
a: no special abilities


You were on level 5 of the Dungeon.
You visited 1 branch of the dungeon, and saw 1 of its levels.

You collected 65 gold pieces.

Inventory:

Hand Weapons
 a - a +0 falchion
 g - a +0 dagger (weapon)
Wands
 c - a wand of paralysis (2)
 f - a wand of digging (3)
 j - a wand of mindburst (5)
Scrolls
 b - a scroll of fog
 d - 2 scrolls of fear
 h - a scroll of identify {unknown}
Potions
 e - a potion of haste
 i - a potion of berserk rage {unknown}


   Skills:
 * Level 3.3 Fighting
 * Level 2.2 Long Blades
 * Level 2.2 Dodging
 + Level 7.5 Stealth
 * Level 0.4 Spellcasting


You had 2 spell levels left.
You didn't know any spells.
Your spell library was empty.

Dungeon Overview and Level Annotations

Branches:
Dungeon (5/15)
 Temple: D:4-7

Altars:
Ashenzari
Makhleb
Zin

Annotations:
D:5 Blork the orc


Innate Abilities, Weirdness & Mutations

You cannot wear most types of armour.
You are amphibious.
You can wear up to eight rings at the same time.
Your skin changes colour to match your surroundings (Stealth+).
Your rubbery body absorbs attacks. (AC +1, EV +1)
((You are camouflaged when in or above water. (Stealth+)))
You have tentacles for arms and can constrict up to eight enemies at once.


Message History

You now have 48 gold pieces (gained 15).
You closely miss the orc. You grab the orc. Your squeeze misses the orc.
You constrict the orc. The orc barely misses you.
You hit the orc.
The orc is almost dead.
You constrict the orc, but do no damage.
The orc hits you with a +0 hand axe.
You hit the orc.
You kill the orc!
Things that are here:
a +0 hand axe; a +0 leather armour
Found a scroll labelled MASTOM XIYJOKO.
Found 2 datura-tipped darts.
A black bear comes into view.
Found a stone staircase leading up.
h - a scroll labelled MASTOM XIYJOKO You see here 2 datura-tipped darts.
Found a sling.
Found a fizzy purple potion and 9 stones.
i - a fizzy purple potion
Found a copper wand.
Found 17 gold pieces.
An ufetubus comes into view.
You see here a wand of mindburst (5).
j - a wand of mindburst (5)
The ufetubus hits you. x2
You slash the ufetubus!
You kill the ufetubus!
You now have 65 gold pieces (gained 17).
You start resting.
HP restored.
A quokka comes into view.
You open the door.
Found a glowing silver altar of Zin.
There is an open door here.
g - a +0 dagger (weapon)
The helpless quokka fails to defend itself.
You impale the quokka!!
You kill the quokka!
Are you sure you want to abandon this character and quit the game? (Confirm with "yes".)

*,**,*,** *,,,,,
*,***,*******,,,
*,***,,,,,,,,,,,
##**,**,******,,,,,
#.,,,*,*,,,,,,,,,**
#.*****,********,**
#.### *,# *,,,*
#...###.###* *,,,*
#.@........* *,,,*
##.8..#..##.# ***,*
#....###.##.#
****,*
#.8..#.#.##.#
*,,,,*
#....'_#.##.#
*,****
#.8..#.#.##.# *,*
#....###.##.# *,*
##.8..#..##.# *,#
#..........###.#


There were no monsters in sight!

Vanquished Creatures
  Ijyb (D:5)
  An adder (D:5)
  An ufetubus (D:5)
  An orc (D:5)
  A quokka (D:5)
5 creatures vanquished.

Notes
Turn   | Place    | Note
-------+----------+-------------------------------------------
     0 | D:5      | Esekla the Octopode Delver began the quest for the Orb.
     0 | D:5      | Reached XP level 1. HP: 16/16 MP: 1/1
    22 | D:5      | Noticed Ijyb
    35 | D:5      | Noticed Blork the orc
    69 | D:5      | Reached skill level 7 in Stealth
    69 | D:5      | Reached XP level 2. HP: 20/21 MP: 2/2
    87 | D:5      | Paralysed by Ijyb for 5 turns
    92 | D:5      | Killed Ijyb
    93 | D:5      | Reached XP level 3. HP: 17/26 MP: 3/3
   178 | D:5      | Found a burning altar of Makhleb.
   178 | D:5      | Found a broken altar of Ashenzari.
   246 | D:5      | Noticed a black bear
   346 | D:5      | Found a glowing silver altar of Zin.
   354 | D:5      | Quit the game

Illustrated notes

Levels and vault maps discovered:
D:5:      layout_loops_ring, nicolae_overflow_two_pavilions, zin_statuary,
          uniq_ijyb, uniq_blork_the_orc

Skill      XL: |  1 |
---------------+----+-----
Stealth        | 7 |  7.5
Fighting       | |  3.3
Long Blades    | |  2.2
Dodging        | |  2.2
Spellcasting   | |  0.4

Action                     || total
---------------------------++-------
  Melee: Falchion          ||    17
         Constrict         ||     3
         Tentacles         ||     2
         Dagger            ||     1
    Use: Scroll            ||     1
   Stab: Sleeping          ||     2
  Dodge: Dodged            ||     8

Table legend: (Time is in decaauts)
 A = Elapsed time spent in this place.
 B = Non-inter-level travel time spent in this place.
 C = Inter-level travel time spent in this place.
 D = Time resting spent in this place.
 E = Time spent auto-exploring this place.
 F = Levels seen in this place.
 G = Mean time per level.
                   A        B        C        D        E       F      G
               +--------+--------+--------+--------+--------+-----+--------+
         Total |    356 |    356 |      0 |     60 |      0 |   1 |  356.0 |
       Dungeon |    356 |    356 |      0 |     60 |      0 |   1 |  356.0 |
               +--------+--------+--------+--------+--------+-----+--------+

Top non-repeatable levels by time:
     D:5: 356 daAuts
